 Dungeon Crawl Stone Soup version 0.16-a0-4112-g89a4107 (webtiles) character file.

133 Minkie the Changer (level 4, -4/35 HPs)
             Began as a Draconian Transmuter on Feb 26, 2015.
             Killed by nerve-wracking pain
             ... invoked by Grinder
              (14 damage)
             ... on level 3 of the Dungeon.
             The game lasted 00:10:13 (2791 turns).

Minkie the Changer (Draconian Transmuter)           Turns: 2791, Time: 00:10:13

Health: -4/35      AC:  2    Str: 13    XL:     4   Next: 94%
Magic:  5/7        EV: 19    Int: 14    God:
Gold:   151        SH:  0    Dex: 16    Spells: 2 memorised, 3 levels left

rFire  . . .     SeeInvis .     f - melded +1 short sword (protect)
rCold  . . .     Clarity  .     (armour unavailable)
rNeg   . . .     SustAb   .     (shield currently unavailable)
rPois  x         Gourm    .     (helmet currently unavailable)
rElec  .         Spirit   .     (cloak currently unavailable)
rCorr  .         Warding  .     (gloves currently unavailable)
rMut   .         Stasis   .     (boots currently unavailable)
MR     .....                    (no amulet)
Stlth  +.........               (no ring)
                                (no ring)

@: spider-form (expiring), not resistant to hostile enchantments, very
unstealthy
A: unfitting armour, (cold-blooded), AC +5
a: End Transformation


You were on level 3 of the Dungeon.
You were hungry.
You were a venomous arachnid creature.
You visited 1 branch of the dungeon, and saw 3 of its levels.

You collected 151 gold pieces.

Inventory:

Hand weapons
 f - a +1 short sword of protection (melded)
Missiles
 g - 73 stones (quivered)
Jewellery
 o - an uncursed ring of flight
 q - an uncursed ring of magical power {unknown}
Scrolls
 b - 3 scrolls of blinking {unknown}
 c - 4 scrolls of identify {unknown}
 e - a scroll of enchant armour {unknown}
 j - 3 scrolls of remove curse {unknown}
 n - a scroll of amnesia {unknown}
 p - 2 scrolls of immolation {unknown}
 r - a scroll of recharging {unknown}
Potions
 i - a potion of heal wounds {unknown}
 k - a potion of curing
 l - a potion of magic {unknown}
 s - a potion of beneficial mutation {unknown}
Books
 d - a book of Changes

   Spells                             Type                      Level
   a - Beastly Appendage              Transmutation                1
   b - Sticks to Snakes               Transmutation                2
   c - Spider Form                    Transmutation/Poison         3
   d - Ice Form                       Ice/Transmutation            4
   e - Blade Hands                    Transmutation                5
Comestibles
 a - 2 bread rations
 h - a beef jerky
 t - a meat ration


   Skills:
 - Level 1.1 Fighting
 - Level 1.7 Dodging
 - Level 3.0 Unarmed Combat
 - Level 2.0 Spellcasting
 + Level 4.3 Transmutations
 + Level 2.4 Poison Magic


You had 3 spell levels left.
You knew the following spells:

 Your Spells              Type           Power        Failure   Level  Hunger
a - Beastly Appendage     Trmt           ##....       14%         1    ##.....
b - Spider Form           Trmt/Pois      ##........   41%         3    ####...


Dungeon Overview and Level Annotations

Branches:
Dungeon (3/15)

Altars:
Sif Muna

Annotations:
D:3 Grinder


Innate Abilities, Weirdness & Mutations

((Your plain brown scales are hard (AC +5).))
Your body does not fit into most forms of armour.
((Your cold-blooded metabolism reacts poorly to cold.))


Message History

Grinder is lightly wounded.
The giant cockroach misses you. Grinder hits you but does no damage.
The giant cockroach bites you.
* * * LOW HITPOINT WARNING * * *
Unknown command.
You hit Grinder.
Grinder is moderately wounded.
Grinder misses you. The giant cockroach misses you.
You hit Grinder.
Grinder is moderately wounded.
Grinder closely misses you. The giant cockroach misses you.
You hit Grinder.
Grinder is heavily wounded.
Grinder hits you but does no damage. The giant cockroach barely misses you.
You hit Grinder.
Grinder is heavily wounded.
Your transformation is almost over.
Grinder gestures at you. Pain shoots through your body!
You die...

.....# #.....# #
.......## #.....# #
........#####.....# #
..................# #
...........###.....# #
#.....#............# #
##...###...........# #
.....#............# #
........s...##..### #
........5s..###.#########
........................
....#......###.####.....
...###"....# #..# #.....
...#......# ##.# #.....
.........# #.###.....
........# #..##..... ...
##.#####..


You could see Grinder and a giant cockroach.

Vanquished Creatures
  Ijyb (D:3)
  7 adders
  A worm (D:2)
  2 giant geckos (D:2)
  An ooze (D:1)
  A ball python (D:2)
  A hobgoblin (D:1)
  3 jackals (D:1)
  7 kobolds
  7 bats
  5 giant cockroaches
  2 giant newts (D:2)
  7 goblins (D:1)
  8 rats (D:1)
53 creatures vanquished.

Notes
Turn   | Place    | Note
--------------------------------------------------------------
     0 | D:1      | Minkie, the Draconian Transmuter, began the quest for the Orb.
     0 | D:1      | Reached XP level 1. HP: 16/16 MP: 3/3
   463 | D:1      | Reached XP level 2. HP: 23/23 MP: 2/4
  1261 | D:1      | Reached XP level 3. HP: 28/28 MP: 6/6
  1320 | D:1      | Learned a level 3 spell: Spider Form
  1689 | D:2      | Reached skill level 1 in Poison Magic
  1988 | D:2      | Found a deep blue altar of Sif Muna.
  2062 | D:2      | Reached XP level 4. HP: 33/35 MP: 7/7
  2166 | D:2      | Reached skill level 4 in Transmutations
  2421 | D:3      | Noticed Ijyb
  2434 | D:3      | Killed Ijyb
  2778 | D:3      | Noticed Grinder
  2784 | D:3      | Paralysed by Grinder for 3 turns
  2791 | D:3      | Killed from afar by Grinder

Action                   |  1- 3 |  4- 6 || total
-------------------------+-------+-------++-------
Melee: Short sword       |   158 |    24 ||   182
       Unarmed           |    10 |    23 ||    33
       Dagger            |    10 |       ||    10
Throw: Stone             |       |     6 ||     6
 Cast: Beastly Appendage |     5 |     1 ||     6
       Spider Form       |       |     5 ||     5
 Abil: End Transformatio |       |     1 ||     1
  Use: Potion            |       |     1 ||     1
 Stab: Sleeping          |     1 |       ||     1
  Eat: Chunk             |     4 |     2 ||     6
       Fruit             |       |     1 ||     1
